 Dungeon Crawl Stone Soup version 0.21-a0-444-g29a2fec (webtiles) character file.

19 Laiders the Conjurer (level 2, 0/15 HPs)
             Began as a Tengu Wizard on Nov 17, 2017.
             Slain by a dart slug (1 damage)
             ... on level 1 of the Dungeon.
             The game lasted 00:02:22 (1012 turns).

Laiders the Conjurer (Tengu Wizard)                 Turns: 1012, Time: 00:02:23

Health: 0/15       AC:  2    Str:  9    XL:     2   Next: 75%
Magic:  0/7        EV: 12    Int: 16    God:
Gold:   44         SH:  0    Dex: 12    Spells: 2/7 levels left

rFire    . . .     SeeInvis .   j - -2 short sword (curse)
rCold    . . .     Gourm    .   (no shield)
rNeg     . . .     Faith    .   a - +0 robe
rPois    .         Spirit   .   b - +0 hat
rElec    .         Reflect  .   (no cloak)
rCorr    .         Harm     .   (no gloves)
MR       +....     Clarity  +   (boots unavailable)
Stlth    ++........             (no amulet)
HPRegen  0.05/turn              (no ring)
MPRegen  0.10/turn              (no ring)

@: very slightly contaminated
A: beak, talons 3, clarity, dopey 1, magic resistance 1, strong 1
a: no special abilities


You were on level 1 of the Dungeon.
You were not hungry.

You visited 1 branch of the dungeon, and saw 1 of its levels.

You collected 44 gold pieces.

Inventory:

Hand Weapons
 e - a +0 spear
 j - a cursed -2 short sword (weapon)
Armour
 a - a +0 robe (worn)
 b - a +0 hat (worn)
Jewellery
 g - an uncursed ring of positive energy {unknown}
Books
 c - a book of Minor Magic

   Spells                             Type                      Level
   a - Magic Dart                     Conjuration                  1
   b - Blink                          Translocation                2
   c - Call Imp                       Summoning                    2
   d - Slow                           Hexes                        2
   e - Conjure Flame                  Conjuration/Fire             3
   f - Mephitic Cloud                 Conjuration/Poison/Air       3
Comestibles
 d - 2 bread rations
 f - a royal jelly
 h - a meat ration


   Skills:
 - Level 2.1 Dodging
 - Level 2.0 Stealth
 + Level 3.1 Spellcasting
 - Level 3.1 Conjurations
 + Level 1.6 Summonings
 - Level 0.7 Translocations


You had 2 spell levels left.
You knew the following spells:

 Your Spells              Type           Power        Failure   Level  Hunger
a - Magic Dart            Conj           ##..         4%          1    #......
b - Call Imp              Summ           #.......     14%         2    ##.....
c - Blink                 Tloc           N/A          21%         2    ##.....


Dungeon Overview and Level Annotations

Branches:
Dungeon (1/15)

Altars:


Innate Abilities, Weirdness & Mutations

You have a beak for a mouth.
You have claws for feet.
You possess an exceptional clarity of mind.
You are dopey. (Int -2)
You are resistant to hostile enchantments. (MR+)
Your muscles are strong. (Str +2)


Message History

The magic dart hits the ooze.
The ooze is almost dead.
The ooze hits you.
* * * LOW HITPOINT WARNING * * *
It was a potion of mutation.
You feel extremely strange.
You feel resistant to hostile enchantments.
You feel stronger.
You feel stupid.
Your thoughts seem clearer.
The ooze hits you.
* * * LOW HITPOINT WARNING * * *
The ooze barely misses you.
You hit the ooze.
You kill the ooze!
You hit the dart slug.
The dart slug is heavily wounded.
The dart slug misses you.
You hit the dart slug but do no damage. You claw the dart slug.
You peck the dart slug.
The dart slug is almost dead.
The dart slug bites you.
You die...

### ######### ..#
#####...@.>.# #.#
#......w###.# #.##
#...#...###.#
...######..###...(..#
#...........#....##.#
#.#######.#...#..##.#
..# #.###.......# ###
#........##.#
#####.##.##.#


You could see a dart slug.

Vanquished Creatures
  An ooze (D:1)
  A dart slug (D:1)
  A giant cockroach (D:1)
  2 hobgoblins (D:1)
  A frilled lizard (D:1)
  6 kobolds (D:1)
  A rat (D:1)
13 creatures vanquished.

Notes
Turn   | Place    | Note
-------+----------+-------------------------------------------
     0 | D:1      | Laiders the Tengu Wizard began the quest for the Orb.
     0 | D:1      | Reached XP level 1. HP: 10/10 MP: 5/5
   547 | D:1      | Reached XP level 2. HP: 15/15 MP: 7/7
   551 | D:1      | Learned a level 2 spell: Call Imp
   554 | D:1      | Learned a level 2 spell: Blink
  1008 | D:1      | Gained mutation: You are resistant to hostile enchantments. (MR+) [potion of mutation]
  1008 | D:1      | Gained mutation: Your muscles are strong. (Str +2) [potion of mutation]
  1008 | D:1      | Gained mutation: You are dopey. (Int -2) [potion of mutation]
  1008 | D:1      | Gained mutation: You possess an exceptional clarity of mind. [potion of mutation]
  1012 | D:1      | Slain by a dart slug

Vault maps used:
D:1:      evilmike_arrival_rings, minmay_misc_feat_doors

Skill      XL: |  1  2 |
---------------+-------+-----
Conjurations   | 2 3 |  3.1
Dodging        | |  2.1
Stealth        | |  2.0
Spellcasting   | |  3.1
Summonings     | |  1.6
Translocations | |  0.7

Action                   || total
-------------------------++-------
Melee: Spear             ||    15
       Short sword       ||     3
       Kick              ||     2
       Peck              ||     1
 Cast: Magic Dart        ||    39
  Use: Potion            ||     1
 Stab: Sleeping          ||     1
Armor: Robe              ||     8
Dodge: Dodged            ||    25

Table legend:
 A = Spawn XP
 B = Non-spawn XP
 C = Spawn XP percentage of total XP
 D = Spawn monster count
 E = Non-spawn monster count
 F = Spawn count percentage of total count
 G = Total turns spent on level
                    A         B        C        D         E        F      G
               +---------+---------+-------+---------+---------+-------+---------
         Total |       0 |      28 |   0.0 |       0 |      13 |   0.0 |  1012
               +---------+---------+-------+---------+---------+-------+---------
           D:1 |       0 |      28 |   0.0 |       0 |      13 |   0.0 |  1012
               +---------+---------+-------+---------+---------+-------+---------
